 Dungeon Crawl Stone Soup version 0.32-a0-433-g08bcfe7efd (webtiles) character file.

Game seed: 9208121539452363248

41812 ezpacito the Protected (level 13, -3/103 HPs)
             Began as a Demonspawn Chaos Knight on Feb 22, 2024.
             Was a Plaything of Xom.
             Slain by a skeletal warrior
             ... wielding a +0 scimitar
              (4 damage)
             ... on level 15 of the Dungeon.
             The game lasted 00:39:24 (16050 turns).

ezpacito the Protected (Demonspawn Chaos Knight)   Turns: 16050, Time: 00:39:25

Health: -3/103     AC: 31    Str: 21    XL:     13   Next: 82%
Magic:  14/21      EV: 11    Int: 13    God:    Xom [....*.]
Gold:   1621       SH:  5    Dex: 15    Spells: 0/21 levels left

rFire   + + .        a - +1 hand axe (chaos)
rCold   + + +        (no shield)
rNeg    + . .        A - +18 Lear's hauberk
rPois   +            (helmet currently unavailable)
rElec   .            z - scarf {rC+ rF+}
rCorr   .            (gloves currently unavailable)
SInv    .            (boots currently unavailable)
Will    .....        i - amulet of reflection
Stlth   +            e - ring "Fivabb" {Fly rPois rC+ Str+4 Stlth+}
HPRegen 0.37/turn    G - ring of Liberty {rF+ rC+ rN+ Str+2}
MPRegen 0.17/turn

%: reflection
@: animating dead, flying, studying Armour
A: claws 2, rugged brown scales 2, powered by death 1, spiny 3, hooves 1, horns
1, high MP 1, poison resistance
a: Renounce Religion


You were on level 15 of the Dungeon.
You worshipped Xom.
You were a beloved toy of Xom.
You visited 3 branches of the dungeon, and saw 17 of its levels.
You visited the Abyss 1 time.
You also visited: Ice Cave.

You collected 1621 gold pieces.

Inventory:

Hand Weapons
 a - a +1 hand axe of chaos (weapon)
 b - a +0 broad axe
 u - a +3 lajatang of freezing
 K - a +2 scimitar of flaming
Missiles
 d - 25 poisoned darts (quivered)
 O - 2 atropa-tipped darts
 P - 7 boomerangs
 W - 2 curare-tipped darts
Armour
 l - a +2 chain mail of fire resistance
 z - a scarf of resistance (worn)
 A - the +18 Lear's hauberk (worn)
   (You found it on level 4 of the Dungeon)
 N - a +2 cloak
Magical Staves
 t - the staff "Xoubb" {rN+ Conj}
   (You found it in an ice cave)

   [staff of conjuration]

   Base accuracy: +5 Base damage: 5 Base attack delay: 1.2 This weapon's minimum
   attack delay (0.6) is reached at skill level 12.
   rN+:       It protects you from negative energy.
   Conj:      It increases the power of your Conjurations spells.
   It falls into the 'Staves' category.
   It is a one-handed weapon.
 y - a staff of death
Jewellery
 c - a ring of positive energy
 e - the ring "Fivabb" (left claw) {Fly rPois rC+ Str+4 Stlth+}
   (Xom gifted it to you on level 9 of the Dungeon)

   [ring of flight]

   Str+4:     It affects your strength (+4).
   rC+:       It protects you from cold.
   rPois:     It protects you from poison Fly: It grants you flight.
   Stlth+:    It makes you more stealthy.
 g - a +5 ring of evasion
 i - an amulet of reflection (around neck)
 m - a ring of protection from fire
 o - an amulet of the acrobat
 G - the ring of Liberty (right claw) {rF+ rC+ rN+ Str+2}
   (Xom gifted it to you on level 6 of the Dungeon)

   [ring of protection from cold]

   Str+2:     It affects your strength (+2).
   rF+:       It protects you from fire.
   rC+:       It protects you from cold.
   rN+:       It protects you from negative energy.
Talismans
 r - a maw talisman
 H - a storm talisman
Wands
 j - a wand of iceblast (4)
 C - a wand of flame (11)
 D - a wand of polymorph (2)
 X - a wand of paralysis (9)
Scrolls
 f - 5 scrolls of teleportation
 h - 3 scrolls of revelation
 n - 2 scrolls of poison
 q - 3 scrolls of enchant weapon
 s - 4 scrolls of noise
 w - a scroll of vulnerability
 F - 3 scrolls of fear
 L - a scroll of immolation
 Z - 2 scrolls of enchant armour
Potions
 k - 4 potions of magic
 p - 4 potions of enlightenment
 v - 6 potions of attraction
 x - 2 potions of lignification
 B - 5 potions of mutation
 M - a potion of cancellation


   Skills:
 * Level 8.6 Fighting
 * Level 7.8 Axes
 - Level 4.0 Staves
 * Level 9.8 Armour
 * Level 7.3 Dodging
 + Level 5.3 Stealth
 * Level 7.3 Unarmed Combat
 + Level 4.6 Spellcasting
 + Level 4.0 Conjurations
 + Level 4.4 Hexes
 + Level 4.3 Summonings
 * Level 8.4 Necromancy
 * Level 7.7 Evocations
 + Level 4.0 Shapeshifting


You couldn't memorise any spells.
You knew the following spells:

 Your Spells              Type           Power      Damage    Failure   Level
a - Dazzling Flash        Conj/Hex       28%        N/A       47%         3
b - Freeze                Ice            8%         1d3       71%         1
c - Summon Hydra          Summ           7%         N/A       100%        7
d - Animate Dead          Necr           24%        N/A       30%         4
e - Death Channel         Necr           12%        N/A       99%         6

Your spell library contained the following spells:

 Spells                   Type           Power      Damage    Failure   Level
 Sublimation of Blood     Necr           24%        N/A       4%          2
 Call Imp                 Summ           28%        N/A       26%         2
 Static Discharge         Conj/Air       16%        3-4/arc   54%         2
 Hailstorm                Conj/Ice       8%         3d5       78%         3
 Frozen Ramparts          Ice            4%         1d1       97%         3
 Volatile Blastmotes      Fire/Tloc      4%         2d10      97%         3
 Summon Blazeheart Golem  Fire/Summ      8%         N/A       99%         4
 Summon Lightning Spire   Summ/Air       8%         N/A       99%         4
 Borgnjor's Vile Clutch   Necr/Erth      6%         N/A       99%         5
 Airstrike                Air            1%         2d(1-17)  100%        4
 Starburst                Conj/Fire      4%         6d3       100%        6
 Haunt                    Necr/Summ      9%         N/A       100%        7
 Orb of Destruction       Conj           6%         9d6       100%        7
 Spellforged Servitor     Conj/Summ      6%         N/A       100%        7
 Borgnjor's Revivificati  Necr           12%        N/A       100%        8
 Infestation              Necr           12%        N/A       100%        8
 Maxwell's Capacitive Co  Air            1%         ∞         100%        8
 Death's Door             Necr           12%        N/A       100%        9


Dungeon Overview and Level Annotations

Branches:
Dungeon (15/15)            Temple (1/1) D:6            Lair (1/5) D:11
    Orc (0/2) D:11         Vaults (0/5) D:13          IceCv (visited)
 Depths: D:15

Altars:
Ashenzari
Cheibriados
Dithmenos
Fedhas
Gozag
Hepliaklqana
Kikubaaqudgha
Makhleb
Nemelex Xobeh
Okawaru
Qazlal
Ru
Sif Muna
Trog
Uskayaw
Vehumet
Wu Jian
Xom
Yredelemnul

Shops:
D:5 :   D:10 :   D:11 (

Annotations:
D:4 exclusion: oklob plant
D:5 3 runed translucent doors, Splishie's ghost, novice DrSh


Innate Abilities, Weirdness & Mutations

You have very sharp fingernails.
You are mostly covered in rugged brown scales. (AC +2, +5% HP)
You regenerate a little health from kills.
You are completely covered in sharp spines.
You have large cloven feet.
You have a pair of small horns on your head.
You have an increased reservoir of magic. (+10% MP)
Your system is resistant to poisons. (rPois)


Message History

The iceblast engulfs the skeletal warrior!
The skeletal warrior partially resists.
The skeletal warrior is severely damaged.
You hear a bark!
You hear a horrible gurgling sound!
The bush is engulfed in blazing flames.
The bush is destroyed!
The bush is engulfed in blazing flames.
A boulder beetle comes into view.
The skeletal warrior hits you from afar with a +0 trident!
* * * LOW HITPOINT WARNING * * *
The skeletal warrior hits you but does no damage.
Okay, then.
Okay, then.
As you read the scroll of torment, it crumbles to dust.
You feel a surge of unholy energy.
The boulder beetle convulses!
The bush is engulfed in blazing flames.
You block the skeletal warrior's attack.
The skeletal warrior hits you but does no damage.
Okay, then.
Okay, then.
Okay, then.
Cast which spell? (? or * to list)
You call upon the dead to rise.
The skeletal warrior hits you with a +0 scimitar!!
* * * LOW HITPOINT WARNING * * *
The skeletal warrior hits you but does no damage.
Okay, then.
Okay, then.
Okay, then.
Casting: Animate Dead (mildly dangerous; 6% risk of failure)
Confirm with . or Enter, or press ? or * to list all spells.
Casting: Dazzling Flash (mildly dangerous; 11% risk of failure)
Press: ? - help, Dir - look around, f - activate You feel less wooden.
Your scarf of resistance unmelds from your body.
The +18 Lear's hauberk unmelds from your body.
You feel resistant to extremes of temperature.
The skeletal warrior hits you with a +0 scimitar.
You die...
Xom guffaws!

..P.PP...PP.P..#.#
.
.!P.PP..○§○.P....#
.PPP...P.☼....##
............##
.......)...##
...####..### .
##B.## ##....##
#.z@...# #.......#
#ßß.z.....#
#.......ß..ß#
#.............
#.Z...........
#.......ß.....
#........ß....


You could see a boulder beetle, 2 skeletal warriors and a spriggan berserker
skeleton.

Vanquished Creatures
  Louise (D:14)
  Josephine (D:12)
  An ice dragon (IceCv)
  2 hydras (D:13)
  2 centaur warriors
  6 two-headed ogres
  2 tengu warriors (D:14)
  A sixfirhy (Abyss:2)
  A flayed ghost (D:15)
  3 necromancers
  2 orc knights (D:13)
  5 ugly things
  4 deep elf pyromancers
  A manticore (D:13)
  6 cyclopes
  A meliai (D:8)
  4 slime creatures
  2 ice statues (IceCv)
  2 gargoyles
  Maggie (D:7)
  A freezing wraith (D:11)
  A cane toad (Lair:1)
  4 unseen horrors
  2 efreet (D:14)
  Jeremiah (D:8)
  4 rime drakes (IceCv)
  A komodo dragon (D:11)
  2 tengu conjurers (D:14)
  6 trolls
  2 hornets
  Prince Ribbit (D:5)
  A spriggan skeleton (D:15)
  2 shadows
  A wyvern (D:8)
  9 wraiths
  6 yaks
  A vampire (D:10)
  Menkaure (D:7)
  7 vampire mosquitoes
  2 acid dragons (D:9)
  A water moccasin (D:7)
  Duvessa (D:7)
  2 sky beasts
  6 orc warriors
  5 ice beasts
  3 black bears
  3 laughing skulls
  5 centaurs
  An ogre (D:6)
  2 phantoms
  2 kobold brigands (D:8)
  5 bullfrogs
  A cane toad simulacrum (D:12)
  A gnoll sergeant (D:9)
  2 two-headed ogre simulacra (D:12)
  3 scorpions
  12 wights
  Dowan (D:7)
  3 killer bees (D:8)
  An elephant simulacrum (D:12)
  3 lindwurm simulacra (IceCv)
  2 howler monkeys
  6 komodo dragon simulacra (IceCv)
  A jelly (D:8)
  A bombardier beetle (D:4)
  4 hounds
  7 orc priests
  3 sleepcaps
  A gnoll bouda (D:4)
  18 orc wizards
  3 iguanas
  2 polar bear simulacra (D:12)
  A spriggan simulacrum (D:12)
  7 gnolls
  7 adders
  8 acid dragon simulacra (IceCv)
  A naga simulacrum (D:12)
  3 white imps
  4 steam dragon simulacra (IceCv)
  2 ufetubi (D:6)
  4 dart slugs
  An orc (shapeshifter) (D:8)
  46 orcs
  9 bats
  6 endoplasms
  2 giant cockroaches
  6 goblins
  5 hobgoblins
  2 jackals (D:5)
  A quokka (D:1)
  7 ball pythons
  5 frilled lizards
  9 kobolds
  3 rats (D:2)
353 creatures vanquished.

Vanquished Creatures (collateral kills)
  A catoblepas (D:8)
  A centaur warrior (D:8)
  A boulder beetle (D:8)
  2 cyclopes
  2 ugly things (D:14)
  2 slime creatures (D:15)
  A komodo dragon (D:8)
  A bullfrog (D:8)
  A killer bee (D:8)
  A gnoll bouda (D:8)
  A jelly (D:5)
  An orc (D:8)
15 creatures vanquished.

Vanquished Creatures (others)
  A deep elf pyromancer (D:8)
  A freezing wraith (D:14)
  A white imp (D:6)
  An orc (D:8)
4 creatures vanquished.

Grand Total: 372 creatures vanquished

Notes
Turn   | Place    | Note
-------+----------+-------------------------------------------
     0 | D:1      | ezpacito the Demonspawn Chaos Knight began the quest for
                  | the Orb.
     0 | D:1      | Reached XP level 1. HP: 18/18 MP: 1/1
    37 | D:1      | Reached skill level 1 in Dodging
    46 | D:1      | XOM: divination: magic mapping
    95 | D:1      | Gained mutation: You are partially covered in rugged brown
                  | scales. (AC +1, +3% HP) [demonic ancestry]
    95 | D:1      | Reached XP level 2. HP: 17/24 MP: 2/2
   201 | D:1      | Reached skill level 2 in Armour
   838 | D:2      | Gained mutation: You are partially covered in sharp spines.
                  | [demonic ancestry]
   838 | D:2      | Reached XP level 3. HP: 29/29 MP: 3/3
  1182 | D:2      | XOM: cloud trail
  1384 | D:2      | XOM: 7-stop teleportation journey
  1646 | D:3      | Reached skill level 1 in Unarmed Combat
  1788 | D:3      | Gained mutation: You have sharp fingernails. [demonic
                  | ancestry]
  1788 | D:3      | Reached XP level 4. HP: 33/36 MP: 3/5
  1887 | D:3      | XOM: silly message
  2090 | D:3      | XOM: silly message
  2103 | D:3      | XOM: silly message
  2389 | D:4      | XOM: silly message
  2405 | D:4      | Found the +18 Lear's hauberk
  2465 | D:4      | Reached skill level 1 in Stealth
  2465 | D:4      | Gained mutation: You occasionally shout uncontrollably at
                  | your foes. [potion of mutation]
  2465 | D:4      | Gained mutation: You have a pair of small horns on your
                  | head. [potion of mutation]
  2473 | D:4      | Reached XP level 5. HP: 32/42 MP: 6/6
  2548 | D:4      | Learned a level 3 spell: Dazzling Flash
  2613 | D:4      | Found a blossoming altar of Fedhas.
  2636 | D:4      | Noticed an oklob plant
  2815 | D:4      | Noticed a phantom
  2816 | D:4      | XOM: divination: detect items
  2825 | D:4      | Killed a phantom
  2826 | D:4      | Reached skill level 1 in Spellcasting
  2901 | D:4      | XOM: 1-stop teleportation journey
  2915 | D:4      | XOM: give mutations
  2915 | D:4      | Gained mutation: You have a somewhat thin skeletal
                  | structure. (Dex +2, Stealth+) [Xom's grace]
  2915 | D:4      | Gained mutation: You have very sharp fingernails. [Xom's
                  | grace]
  2926 | D:4      | XOM: 1-stop teleportation journey
  2973 | D:4      | XOM: god gift: book of Frost
  2983 | D:4      | Noticed a black bear
  2989 | D:4      | Killed a black bear
  2990 | D:4      | Reached skill level 1 in Necromancy
  2990 | D:4      | Reached XP level 6. HP: 48/49 MP: 7/7
  3421 | D:5      | Entered Level 5 of the Dungeon
  3424 | D:5      | Reached skill level 1 in Evocations
  3424 | D:5      | Noticed Prince Ribbit
  3431 | D:4      | XOM: cast spell 'Dispersal'
  3516 | D:5      | Killed Prince Ribbit
  3517 | D:5      | Reached skill level 3 in Armour
  3517 | D:5      | Gained mutation: You are mostly covered in sharp spines.
                  | [demonic ancestry]
  3517 | D:5      | Reached XP level 7. HP: 55/55 MP: 7/9
  3562 | D:5      | XOM: fog
  3571 | D:5      | Reached skill level 1 in Staves
  3585 | D:5      | XOM: cleaving
  3623 | D:5      | Reached skill level 1 in Shapeshifting
  3688 | D:5      | Found Tutenk's Book Emporium.
  3764 | D:5      | Found a runed translucent gate.
  3765 | D:5      | Found a runed translucent gate.
  3765 | D:5      | Noticed Splishie's ghost (novice DrSh)
  3766 | D:5      | Found a runed translucent gate.
  3783 | D:5      | XOM: summons 7 friendly demons
  3918 | D:5      | Gained mutation: You are mostly covered in rugged brown
                  | scales. (AC +2, +5% HP) [demonic ancestry]
  3918 | D:5      | Reached XP level 8. HP: 54/64 MP: 10/10
  3993 | D:5      | XOM: give mutations
  3993 | D:5      | Gained mutation: You passively map a small area around you.
                  | [Xom's grace]
  3993 | D:5      | Gained mutation: You have an increased reservoir of magic.
                  | (+10% MP) [Xom's grace]
  3993 | D:5      | Gained mutation: Your system is resistant to poisons.
                  | (rPois) [Xom's grace]
  4017 | D:5      | XOM: summons friendly iron imp
  4209 | D:5      | XOM: god gift: 5 stones
  4761 | D:6      | Identified the ring of Liberty {rF+ rC+ rN+ Str+2} (Xom
                  | gifted it to you on level 6 of the Dungeon)
  4761 | D:6      | XOM: god gift: ring of Liberty {rF+ rC+ rN+ Str+2}
  4897 | D:6      | XOM: destruction
  4929 | D:6      | XOM: polymorph orc -> adder
  4942 | D:6      | Learned a level 1 spell: Freeze
  4950 | D:6      | Learned a level 7 spell: Summon Hydra
  5013 | D:6      | Reached skill level 4 in Armour
  5152 | D:6      | Found a staircase to the Ecumenical Temple.
  5197 | Temple   | Entered the Ecumenical Temple
  5329 | D:7      | Noticed Maggie
  5330 | D:7      | XOM: summons 3 friendly demons
  5334 | D:7      | Killed Maggie
  5335 | D:7      | Reached skill level 5 in Fighting
  5335 | D:7      | Reached XP level 9. HP: 71/71 MP: 13/13
  5390 | D:7      | Noticed Duvessa
  5390 | D:7      | Noticed Dowan
  5396 | D:7      | Killed Duvessa
  5398 | D:7      | Killed Dowan
  5494 | D:7      | Found a sacrificial altar of Ru.
  5538 | D:7      | XOM: 3-stop teleportation journey
  5564 | D:7      | XOM: 1-stop teleportation journey
  5595 | D:7      | XOM: 3-stop teleportation journey
  5626 | D:7      | Reached skill level 5 in Axes
  5626 | D:7      | Reached skill level 1 in Hexes
  5626 | D:7      | Reached skill level 1 in Summonings
  5875 | D:7      | Reached skill level 1 in Conjurations
  5885 | D:7      | XOM: scenery: summon butterflies
  6296 | D:7      | Noticed Menkaure
  6302 | D:7      | Killed Menkaure
  6638 | D:8      | XOM: noise
  6641 | D:8      | a killer bee changed into a glowing shapeshifter
  6641 | D:8      | Noticed a glowing shapeshifter (glowing shapeshifter)
  6641 | D:8      | XOM: polymorph killer bee -> glowing shapeshifter
  6641 | D:8      | a glowing shapeshifter changed into an orc
  6842 | D:8      | Reached skill level 5 in Armour
  6886 | D:8      | Noticed a two-headed ogre
  6889 | D:8      | Noticed a deep elf pyromancer
  6889 | D:8      | Noticed a two-headed ogre
  6889 | D:8      | Noticed a two-headed ogre
  6892 | D:8      | Reached XP level 10. HP: 43/79 MP: 15/15
  6893 | D:8      | Killed a two-headed ogre
  6900 | D:8      | Killed a two-headed ogre
  6902 | D:8      | XOM: scenery: create altars
  6910 | D:8      | XOM: summons 5 friendly demons
  6912 | D:8      | Reached skill level 5 in Necromancy
  6948 | D:8      | XOM: 1-stop teleportation journey
  7021 | D:8      | XOM: 2-stop teleportation journey
  7091 | D:8      | Noticed a catoblepas
  7128 | D:8      | Noticed a centaur warrior
  7137 | D:8      | Killed a centaur warrior
  7159 | D:8      | Killed a catoblepas
  7160 | D:8      | Reached skill level 6 in Armour
  7160 | D:8      | Reached skill level 5 in Dodging
  7160 | D:8      | Reached skill level 5 in Evocations
  7196 | D:8      | Learned a level 4 spell: Animate Dead
  7299 | D:8      | Noticed Jeremiah
  7304 | D:8      | XOM: cleaving
  7325 | D:8      | XOM: potion effect (invisibility)
  7343 | D:8      | Identified the ring "Piddaw" {Ice rElec Will- Dex+5} (Xom
                  | gifted it to you on level 8 of the Dungeon)
  7343 | D:8      | XOM: god gift: ring "Piddaw" {Ice rElec Will- Dex+5}
  7348 | D:8      | XOM: destruction
  7349 | D:8      | XOM: destruction
  7357 | D:8      | Killed Jeremiah
  7463 | D:8      | Noticed a cyclops
  7467 | D:8      | Reached skill level 5 in Unarmed Combat
  7474 | D:8      | Killed a cyclops
  7475 | D:8      | Gained mutation: You regenerate a little health from kills.
                  | [demonic ancestry]
  7475 | D:8      | Reached XP level 11. HP: 38/86 MP: 17/17
  7483 | D:8      | a two-headed ogre changed into something unseen
  7483 | D:8      | XOM: polymorph two-headed ogre -> something unseen
  7606 | D:8      | Noticed a tengu warrior
  7606 | D:8      | Paralysed by a kobold brigand for 3 turns
  7688 | D:8      | Noticed a two-headed ogre
  7694 | D:8      | Killed a two-headed ogre
  7701 | D:8      | XOM: scenery: create altars
  7704 | D:8      | a tengu warrior changed into a meliai
  7704 | D:8      | XOM: polymorph tengu warrior -> meliai
  7710 | D:8      | XOM: enchant monster (good)
  7781 | D:8      | Noticed a boulder beetle
  7785 | D:8      | XOM: summons 11 friendly demons
  7790 | D:8      | Killed a boulder beetle
  8171 | D:8      | Killed a deep elf pyromancer
  8225 | D:8      | Noticed a deep elf pyromancer
  8234 | D:8      | Killed a deep elf pyromancer
  8234 | D:8      | XOM: divine lightning
  8362 | D:9      | XOM: scenery: summon butterflies
  8364 | D:9      | Reached skill level 7 in Armour
  8581 | D:9      | Noticed a cyan ugly thing
  8650 | D:9      | Killed a cyan ugly thing
  8654 | D:9      | XOM: scenery: 2 doors close
  8657 | D:9      | Identified the +7 hand axe "Demonspawn's Bane" {freeze,
                  | rElec rPois Int-4}
  8845 | D:9      | XOM: fog
  9025 | D:9      | XOM: cloud trail
  9157 | D:9      | Identified the ring "Fivabb" {Fly rPois rC+ Str+4 Stlth+}
                  | (Xom gifted it to you on level 9 of the Dungeon)
  9157 | D:9      | XOM: god gift: ring "Fivabb" {Fly rPois rC+ Str+4 Stlth+}
  9455 | D:9      | XOM: god gift: 21 gold pieces
  9597 | D:9      | XOM: fog
  9671 | D:9      | XOM: scenery: summon butterflies
  9710 | D:9      | XOM: scenery: create altars
  9717 | D:10     | Entered Level 10 of the Dungeon
  9812 | D:10     | Found Daxirol's Tiny Tomes.
  9898 | D:10     | XOM: summons friendly white imp
 10216 | D:10     | Found an ancient bone altar of Kikubaaqudgha.
 10236 | D:10     | Found a radiant altar of Vehumet.
 10285 | D:10     | Found an ornate altar of the Wu Jian Council.
 10333 | D:10     | Found a burning altar of Makhleb.
 10627 | D:11     | Noticed a two-headed ogre
 10628 | D:11     | XOM: potion effect (attraction)
 10637 | D:11     | Killed a two-headed ogre
 10649 | D:11     | Noticed a red ugly thing
 10655 | D:11     | Killed a red ugly thing
 10656 | D:11     | Reached XP level 12. HP: 95/95 MP: 19/19
 10731 | D:11     | XOM: silly message
 10739 | D:11     | XOM: divination: magic mapping
 10796 | D:11     | Found a staircase to the Orcish Mines.
 10905 | D:11     | Found Obentucs's Antique Weapon Boutique.
 10935 | D:11     | Found a staircase to the Lair.
 11005 | D:11     | XOM: silly message
 11006 | D:11     | XOM: silly message
 11141 | Lair:1   | Entered Level 1 of the Lair of Beasts
 11157 | Lair:1   | Reached skill level 8 in Armour
 11358 | D:12     | XOM: noise
 11362 | D:12     | Noticed a two-headed ogre
 11376 | D:12     | Killed a two-headed ogre
 11449 | D:12     | Found a frozen archway.
 11450 | D:12     | Noticed a two-headed ogre
 11463 | D:12     | XOM: potion effect (haste)
 11492 | D:12     | Killed a two-headed ogre
 11534 | IceCv    | Entered an ice cave
 11661 | IceCv    | XOM: stat loss: -1 Int (12/13)
 11732 | IceCv    | Noticed an ice dragon
 11737 | IceCv    | XOM: cleaving
 11747 | IceCv    | Killed an ice dragon
 11844 | IceCv    | XOM: 3-stop teleportation journey
 11942 | IceCv    | XOM: divination: detect items
 11994 | IceCv    | Identified the staff "Xoubb" {rN+ Conj}
 11999 | IceCv    | XOM: give mutations
 11999 | IceCv    | Gained mutation: You have large cloven feet. [Xom's
                  | mischief]
 11999 | IceCv    | Lost mutation: You have a somewhat thin skeletal structure.
                  | (Dex +2, Stealth+) [Xom's mischief]
 11999 | IceCv    | Lost mutation: You passively map a small area around you.
                  | [Xom's mischief]
 11999 | IceCv    | Lost mutation: You occasionally shout uncontrollably at
                  | your foes. [Xom's mischief]
 12211 | D:12     | XOM: silly message
 12247 | D:12     | Noticed Josephine
 12262 | D:12     | XOM: swap monsters
 12265 | D:12     | Killed Josephine
 12343 | D:12     | XOM: stat loss: -1 Dex (14/15)
 12728 | D:12     | XOM: enchant monster (good)
 12959 | D:12     | Gained mutation: You are completely covered in sharp
                  | spines. [demonic ancestry]
 12959 | D:12     | Reached XP level 13. HP: 81/102 MP: 21/21
 13399 | D:13     | XOM: blink monster(s)
 13402 | D:13     | XOM: noise
 13417 | D:13     | XOM: 3-stop teleportation journey
 13429 | D:13     | Reached skill level 9 in Armour
 13554 | D:13     | XOM: potion effect (invisibility)
 13652 | D:13     | XOM: silly message
 13653 | D:13     | XOM: cast spell 'Cause Fear'
 13703 | D:13     | XOM: silly message
 13749 | D:13     | XOM: butterfly on damage
 13800 | D:13     | XOM: noise
 13840 | D:13     | XOM: silly message
 13963 | D:13     | Found a gate to the Vaults.
 14087 | D:13     | XOM: silly message
 14193 | D:13     | XOM: noise
 14368 | D:13     | XOM: summons friendly iron imp
 14373 | D:13     | Reached skill level 5 in Stealth
 14934 | D:14     | Found a stormy altar of Qazlal.
 14999 | D:14     | XOM: summons friendly iron imp
 15533 | D:14     | Noticed Louise
 15561 | Abyss:2  | Found a corrupted altar of Lugonu.
 15561 | Abyss:2  | Cast into level 2 of the Abyss (Louise)
 15571 | Abyss:2  | Found a corrupted altar of Lugonu.
 15604 | Abyss:2  | XOM: cleaving
 15627 | D:14     | Escaped the Abyss
 15653 | D:14     | Killed Louise
 15695 | D:14     | Learned a level 6 spell: Death Channel
 15868 | D:15     | Entered Level 15 of the Dungeon
 15911 | D:15     | XOM: cast spell 'Death Channel'
 16034 | D:15     | XOM: destruction
 16049 | D:15     | HP: 2/154 [skeletal warrior/+0 scimitar (19)]
 16050 | D:15     | Slain by a skeletal warrior

Illustrated notes

Levels and vault maps discovered:
D:1:      shiori_shiawase, layout_basic, minmay_tetromino_o4
D:2:      layout_loops_ring
D:3:      layout_rooms, chequers_big_river, minmay_increasing_density
D:4:      layout_basic, tgw_fedhas
D:5:      layout_cave_pods, serial_shops, shop, ebering_ghost_rock_garden,
          uniq_prince_ribbit1
D:6:      layout_basic, temple_green, hangedman_decor_push
D:7:      layout_basic, nicolae_ru_sacrificial_ziggurat, uniq_duvessa,
          uniq_maggie, uniq_menkaure
D:8:      minmay_the_grid_four_pointed_star [minmay_the_grid_triangle_9x9_cache,
          minmay_the_grid_triangle_9x9_windchime,
          minmay_the_grid_triangle_9x9_thin_v,
          minmay_the_grid_triangle_9x9_dagger,
          minmay_the_grid_prize_four_corners], layout_basic,
          minmay_misc_feat_chi, minmay_shattered_shrine, uniq_jeremiah
D:9:      minmay_clustersquares, layout_layer_cave
D:10:     layout_roguey, nicolae_overflow_quartered_altars,
          amcnicky_mini_corridor_feature, nicolae_shop_i_like_small_books_too,
          minmay_misc_feat_more_columns
D:11:     layout_big_octagon, david_lair_shrubbed, david_orc_2, serial_shops,
          nicolae_shop_tiny_statue_garden
D:12:     layout_basic, portal_ice_cave_entry_ice_simulacra, grunt_ministairs_8,
          minmay_fountain_box, uniq_josephine
D:13:     layout_stronghold, david_vaults_1
D:14:     layout_long_grid, nicolae_qazlal_general_emergency, uniq_louise
D:15:     gammafunk_depths_entry_grave, layout_cave_pods, serial_park,
          serial_park_tiny_1, serial_park_square2, serial_park_square2,
          serial_park_tiny_1, nicolae_underground_beach, uniq_azrael
Temple:   nicolae_temple_bog_church
Lair:1:   layout_cave_pods, ebering_ghost_inner_flame, serial_bayou_shore_b,
          infiniplex_staircase_pool_2, grunt_megastairs_2

Skill      XL: |  1  2  3  4  5  6  7  8  9 10 11 12 13 |
---------------+----------------------------------------+-----
Dodging        | 1 2 3 4 5 6 7 |  7.3
Armour         | 2 3 4 5 6 7 8 9 |  9.8
Axes           | 3 4 5 6 7 |  7.8
Unarmed Combat | 1 2 3 4 5 6 7 |  7.3
Stealth        | 1 2 3 4 5 |  5.3
Spellcasting   | 1 2 3 4 |  4.6
Necromancy     | 1 2 3 4 5 6 7 8 |  8.4
Evocations     | 1 2 3 4 5 6 7 |  7.7
Fighting       | 4 5 6 7 8 |  8.6
Staves         | 1 2 3 4 |  4.0
Shapeshifting  | 1 2 3 4 |  4.0
Hexes          | 1 2 3 4 |  4.4
Summonings     | 1 2 3 4 |  4.3
Conjurations   | 1 2 3 4 |  4.0

Action                     |  1- 3 |  4- 6 |  7- 9 | 10-12 | 13-15 || total
---------------------------+-------+-------+-------+-------+-------++-------
  Melee: Hand axe          |   104 |    62 |   189 |   637 |   255 ||  1247
         Headbutt          |       |     7 |    37 |   178 |    90 ||   312
         Kick              |       |       |       |    42 |   117 ||   159
         Long sword        |       |       |       |       |     9 ||     9
   Cast: Animate Dead      |       |       |       |       |     1 ||     1
         Dazzling Flash    |       |       |       |       |     1 ||     1
  Evoke: Wand              |       |       |       |     9 |    18 ||    27
    Use: Scroll            |       |     6 |     2 |    16 |    12 ||    36
         Potion            |       |     1 |       |    17 |    10 ||    28
   Stab: Distracted        |     1 |       |       |       |     2 ||     3
         Petrified         |     1 |       |     2 |       |     7 ||    10
         Held in net/web   |     1 |       |       |     2 |       ||     3
         Petrifying        |     1 |       |       |       |     3 ||     4
         Confused          |       |       |     3 |    12 |    13 ||    28
         Invisible         |       |       |       |     8 |     4 ||    12
         Paralysed         |       |       |       |    15 |       ||    15
         Sleeping          |       |       |       |     1 |       ||     1
         Fleeing           |       |       |       |       |     1 ||     1
 Armour: Leather armour    |    61 |     8 |       |       |       ||    69
         Chain mail        |       |    66 |   172 |   586 |   236 ||  1060
         Skin              |       |       |       |       |    37 ||    37
  Dodge: Dodged            |    63 |    29 |    93 |   311 |   116 ||   612
  Block: Other             |       |       |       |    25 |    52 ||    77
         Reflection        |       |       |       |     3 |     2 ||     5

Table legend: (Time is in decaauts)
 A = Elapsed time spent in this place.
 B = Non-inter-level travel time spent in this place.
 C = Inter-level travel time spent in this place.
 D = Time resting spent in this place.
 E = Time spent auto-exploring this place.
 F = Levels seen in this place.
 G = Mean time per level.
                   A        B        C        D        E       F      G
               +--------+--------+--------+--------+--------+-----+--------+
         Total |  16041 |  15253 |    788 |    666 |  11386 |  19 |  844.3 |
       Dungeon |  15180 |  14393 |    787 |    478 |  11150 |  15 | 1012.0 |
        Temple |      1 |      1 |      0 |      0 |      0 |   1 |    1.0 |
          Lair |    196 |    196 |      0 |    159 |      0 |   1 |  196.0 |
         Abyss |     65 |     65 |      0 |     29 |      9 |   1 |   65.0 |
      Ice Cave |    597 |    597 |      0 |      0 |    227 |   1 |  597.0 |
               +--------+--------+--------+--------+--------+-----+--------+

Top non-repeatable levels by time:
     D:8: 1717 daAuts
    D:13: 1564 daAuts
     D:9: 1422 daAuts
     D:7: 1232 daAuts
    D:12: 1213 daAuts
     D:5: 1203 daAuts
     D:4: 1131 daAuts
    D:14: 1013 daAuts
     D:3: 911 daAuts
     D:1: 840 daAuts
    D:10: 835 daAuts
     D:6: 726 daAuts
     D:2: 635 daAuts
   IceCv: 597 daAuts
    D:11: 555 daAuts
